 Dungeon Crawl Stone Soup version 0.29.1-12-g30fa7ad0bf (webtiles) character file.

Game seed: 143672993648627856

110113 112233 the Spry (level 16, -6/135 HPs)
             Began as a Demonspawn Air Elementalist on Dec 21, 2022.
             Was an Initiate of Gozag.
             Mangled by a merfolk impaler
             ... wielding a +0 trident of venom
              (9 damage)
             ... on level 1 of the Shoals.
             The game lasted 00:52:08 (59017 turns).

112233 the Spry (Demonspawn Air Elementalist)      Turns: 59017, Time: 00:52:08

Health: -6/135     AC:  8    Str:  9    XL:     16   Next: 6%
Magic:  41/41      EV: 25    Int: 32    God:    Gozag
Gold:   324        SH:  0    Dex: 15    Spells: 9/40 levels left

rFire   . . .      SeeInvis +   O - +5 morningstar of Fixzuruu {venom, Int+3}
rCold   . . .      Faith    .   (no shield)
rNeg    + + .      Spirit   .   N - +2 robe {Archmagi}
rPois   .          Reflect  .   (helmet unavailable)
rElec   .          Harm     .   T - +1 cloak {Stlth+}
rCorr   .          Rampage  .   K - +0 pair of gloves
Will    +....      Archmagi +   (no boots)
Stlth   +++.......              (no amulet)
HPRegen 2.32/turn               Q - +6 ring of intelligence
MPRegen 0.27/turn               G - ring "Luideoqe" {rN++ MP+9 SInv}

@: agile, lethally poisoned (-6 -> -26), gold aura, on berserk cooldown, slowed,
very slow
A: horns 3, rugged brown scales 1, powered by death 3, powered by pain 2
a: Renounce Religion, Potion Petition, Call Merchant, Bribe Branch


You were on level 1 of the Shoals.
You worshipped Gozag.
Gozag was aware of your devotion.
You visited 6 branches of the dungeon, and saw 25 of its levels.

You collected 9376 gold pieces.
You spent 5895 gold pieces at shops.
You paid 3157 gold pieces to Gozag.

Inventory:

Hand Weapons
 O - the +5 morningstar of Fixzuruu (weapon) {venom, Int+3}
   (You found it on level 5 of the Lair of Beasts)

   It poisons the flesh of those it strikes.
   Int:       It affects your intelligence (+3).
Armour
 c - the +1 robe "Juzek" {rPois rC- rN++ SInv}
   (You bought it in a shop on level 2 of the Orcish Mines)

   rC:        It makes you vulnerable to cold.
   rPois:     It protects you from poison.
   rN:        It greatly protects you from negative energy.
   SInv:      It lets you see invisible.
 g - the +2 pair of gloves "Fojiut" {rF+ Str+5 Int-2 Stlth+}
   (You bought it in a shop on level 14 of the Dungeon)

   Str:       It affects your strength (+5).
   Int:       It affects your intelligence (-2).
   rF:        It protects you from fire.
   Stlth:     It makes you more stealthy.
 v - the +1 robe of the Last Healing Ears {rC+ Will++ Int+4}
   (You bought it in a shop on level 2 of the Orcish Mines)

   Int:       It affects your intelligence (+4).
   rC:        It protects you from cold.
   Will:      It greatly increases your willpower.
 C - a +0 buckler
 K - a +0 pair of gloves (worn)
 N - a +2 robe of the Archmagi (worn)
 T - a +1 cloak of stealth (worn)
Magical Staves
 L - a staff of earth
Jewellery
 l - an amulet of the acrobat
 m - the ring "Tir Muc" {Drain *Slow rF+ Will++ Dex+9}
   (You bought it in a shop on level 2 of the Orcish Mines)

   [ring of protection from fire]

   Dex:       It affects your dexterity (+9).
   rF:        It protects you from fire.
   Drain:     It drains your maximum health when unequipped.
   *Slow:     It may slow you when you take damage.
   Will:      It greatly increases your willpower.
 G - the ring "Luideoqe" (right hand) {rN++ MP+9 SInv}
   (You acquired it on level 2 of the Orcish Mines)

   [ring of magical power]

   rN:        It greatly protects you from negative energy.
   MP:        It affects your magic capacity (+9).
   SInv:      It lets you see invisible.
 Q - a +6 ring of intelligence (left hand)
 R - a ring of flight
 X - a +4 ring of evasion
Wands
 y - a wand of flame (46)
 I - a wand of polymorph (32)
 S - a wand of charming (9)
 Z - a wand of roots (8)
Scrolls
 a - 2 scrolls of enchant weapon
 j - 4 scrolls of butterflies
 k - a scroll of silence
 o - 4 scrolls of amnesia
 p - 5 scrolls of blinking
 r - 4 scrolls of vulnerability
 w - 3 scrolls of torment
 x - 5 scrolls of enchant armour
 B - a scroll of poison
 D - 15 scrolls of teleportation
 E - 4 scrolls of fear
 J - 2 scrolls of magic mapping
 P - a scroll of acquirement
 V - 2 scrolls of immolation
Potions
 b - 11 potions of curing
 d - 3 potions of cancellation
 e - 5 potions of heal wounds
 f - 7 potions of might
 h - 3 potions of lignification
 i - 7 potions of mutation
 n - 3 potions of berserk rage
 q - 5 potions of attraction
 s - 3 potions of resistance
 t - 4 potions of brilliance
 u - 4 potions of invisibility
 A - 8 potions of flight
 F - 6 potions of haste
 H - 7 potions of magic
 M - 2 potions of ambrosia
Miscellaneous
 z - a tin of tremorstones (2/2)
 Y - a condenser vane


   Skills:
 + Level 13.6 Fighting
 * Level 15.2 Dodging
 - Level 1.8 Stealth
 + Level 12.8 Spellcasting
 - Level 4.0 Conjurations
 + Level 0.5 Transmutations
 + Level 13.9 Air Magic


You had 9 spell levels left.
You knew the following spells:

 Your Spells              Type           Power      Damage    Failure   Level
a - Lightning Bolt        Conj/Air       43%        1d62      1%          5
b - Summon Lightning Spi  Summ/Air       78%        N/A       1%          4
c - Airstrike             Air            52%        2d(8-24)  1%          4
d - Swiftness             Air            100%       N/A       1%          3
e - Freezing Cloud        Conj/Ice/Air   36%        6-21      5%          5
f - Passwall              Tmut/Erth      27%        N/A       3%          2
g - Mephitic Cloud        Conj/Pois/Air  73%        N/A       1%          3
h - Static Discharge      Conj/Air       86%        3-14/arc  1%          2
i - Shock                 Conj/Air       100%       1d9       1%          1
j - Blink                 Tloc           60%        N/A       3%          2

Your spell library contained the following spells:

 Spells                   Type           Power      Damage    Failure   Level
 Necrotise                Necr           100%       1d9       2%          1
 Ensorcelled Hibernation  Hex/Ice        60%        N/A       3%          2
 Conjure Flame            Conj/Fire      50%        6-21      3%          3
 Ignite Poison            Fire/Tmut/Pois 32%        N/A       6%          3
 Lesser Beckoning         Tloc           30%        N/A       7%          3
 Vampiric Draining        Necr           30%        2d8       7%          3
 Sticky Flame             Conj/Fire      50%        2d7       10%         4
 Petrify                  Tmut/Erth      33%        N/A       21%         4
 Animate Armour           Summ/Erth      60%        N/A       22%         4
 Dispel Undead            Necr           30%        3d14      22%         4
 Blade Hands              Tmut           17%        N/A       45%         5
 Maxwell's Capacitive Co  Air            52%        ∞         45%         8
 Alistair's Intoxication  Tmut/Pois      22%        N/A       50%         5
 Agony                    Necr           30%        N/A       54%         5
 Borgnjor's Vile Clutch   Necr/Erth      15%        N/A       54%         5
 Manifold Assault         Tloc           30%        N/A       54%         5
 Metabolic Englaciation   Hex/Ice        15%        N/A       54%         5
 Iron Shot                Conj/Erth      25%        9d5       83%         6
 Eringya's Noxious Bog    Tmut/Pois      16%        N/A       97%         6
 Statue Form              Tmut/Erth      22%        N/A       97%         6
 Dispersal                Tloc           15%        N/A       98%         6
 Disjunction              Tloc           15%        N/A       100%        8
 Polar Vortex             Ice            15%        N/A       100%        9
 Simulacrum               Ice/Necr       Unusable   N/A       N/A         6

Dungeon Overview and Level Annotations

Branches:
Dungeon (15/15)            Temple (1/1) D:7            Lair (5/5) D:10
 Shoals (1/4) Lair:2       Spider (1/4) Lair:2        Slime (0/5) Lair:4
    Orc (2/2) D:9             Elf (0/3) Orc:2        Vaults (0/5) D:14
 Depths (0/4) D:15

Altars:
Ashenzari
Cheibriados
Dithmenos
Fedhas
Gozag
Hepliaklqana
Kikubaaqudgha
Makhleb
Nemelex Xobeh
Okawaru
Qazlal
Ru
Sif Muna
Trog
Uskayaw
Vehumet
Wu Jian
Xom
Yredelemnul
Lugonu

Shops:
D:4 !*(!   D:9 =   D:11 *   D:13 *   D:14 *:!   Orc:2 ([**:

Portals:
Abyss: Lair:5

Annotations:
D:4 exclusion: downstairs
D:6 exclusion: 2 upstairs
D:7 exclusion: 2 downstairs
D:8 2 transporters, Quickbrownfox's ghost, novice DsIE
D:14 exclusion: downstairs
Lair:4 1 runed translucent door, Fiha's ghost, journeyman VSTm


Innate Abilities, Weirdness & Mutations

You have a pair of large horns on your head.
You are partially covered in rugged brown scales. (AC +1, +3% HP)
You regenerate a lot of health from kills.
You sometimes gain power by taking damage.


Message History

The merfolk impaler barely misses you.
The merfolk impaler hits you from afar with a +0 trident of venom.
* * * LOW HITPOINT WARNING * * *
You barely miss the harpy. You headbutt the harpy.
You kill the harpy!
You feel very sick. The merfolk impaler barely misses you.
The merfolk impaler hits you from afar with a +0 trident of venom!
* * * LOW HITPOINT WARNING * * *
You are more poisoned.
You enter the shallow water.
Moving in this stuff is going to be slow.
You feel very sick.
A faun comes into view. It is wielding a +0 spear.
The merfolk impaler completely misses you.
You see here 11 gold pieces.
You are too injured to fight recklessly!
Unknown command.
You puncture the merfolk impaler!
The merfolk impaler is lightly wounded.
You feel very sick.
The merfolk impaler hits you with a +0 trident of venom.
* * * LOW HITPOINT WARNING * * *
You are more poisoned.
The faun unwields a +0 spear.
The faun wields a +0 sling.
The faun shoots a sling bullet.
The sling bullet completely misses you.
Unknown command.
Unknown command.
The merfolk impaler attacks as you move away!
The merfolk impaler hits you with a +0 trident of venom!
* * * LOW HITPOINT WARNING * * *
You are lethally poisoned!
You are no longer berserk.
You are exhausted.
You feel yourself slow down.
* * * LOW HITPOINT WARNING * * *
You feel extremely sick.
The merfolk impaler hits you from afar with a +0 trident of venom!
You die...
Your body crumbles into a pile of gold.

≈≈≈≈≈~~.. #.#...~~~~~~~~
≈≈≈≈~~~.. #..(.~~~~~~~~~..
≈≈≈≈~~~.# #.~~~~~~~~~...~.
≈≈≈≈≈~..# #..~~~~~~~.##~~~
≈≈≈≈≈≈~<###..~~~~~~..#.~~~
≈≈≈≈≈≈~~...~~~~~~~~~....~.
≈≈≈≈≈≈~~~~~~~~~~~m~.......
≈≈≈≈≈≈≈≈≈~~~~~~~$~........
≈≈≈≈≈≈≈≈~~~~~~~~@.$....#
≈≈≈≈≈≈~~~~~~.....##...!#
≈≈≈≈≈~~~~~...#..## #..##
≈≈≈≈≈~~~~~..##### ...c
≈≈≈≈~~~~~~..# .....
≈≈~~~...### ..... ~~~..##
.... ~... $... ##


You could see a merfolk impaler.

Vanquished Creatures
  A fire giant (D:13)
  A ghost moth (shapeshifter) (D:15)
  An entropy weaver (Spider:1)
  A fire dragon (Lair:4)
  Josephine (D:13)
  3 boulder beetles
  5 hydras
  5 two-headed ogres
  3 catoblepae
  2 tengu warriors
  6 centaur warriors
  2 thrashing horrors (Lair:5)
  Urug (D:9)
  Nergalle (D:11)
  Amaemon (D:8)
  A pharaoh ant (Spider:1)
  5 skeletal warriors (D:15)
  Lodul (D:14)
  A phantasmal warrior (D:15)
  A deep elf zephyrmancer (D:9)
  A golden dragon skeleton (D:15)
  A necromancer (D:15)
  A wizard (D:15)
  A shadow dragon zombie (D:15)
  9 deep elf pyromancers
  5 harpies (Shoals:1)
  10 orc sorcerers
  A wolf spider (Spider:1)
  14 ugly things
  2 manticores
  20 elephants
  4 cyclopes
  Joseph (D:8)
  Maurice (Orc:1)
  A gargoyle (D:12)
  5 black mambas
  2 torpor snails
  An orange demon (D:8)
  13 cane toads
  4 smoke demons (Lair:5)
  5 unseen horrors
  An efreet (D:13)
  3 kobold demonologists
  7 komodo dragons
  A demonic crawler (Lair:2)
  2 ancient zymes (Lair:5)
  A tengu conjurer (D:15)
  8 trolls
  A hornet (D:10)
  2 polar bears
  Prince Ribbit (D:8)
  A wind drake (Lair:2)
  25 blink frogs
  A wolf spider simulacrum (D:15)
  3 slime creatures
  A shadow (D:13)
  A spriggan (Lair:5)
  2 ynoxinuls (Lair:5)
  2 culicivoras (Spider:1)
  9 wyverns
  4 vampires
  8 wraiths
  3 redbacks (Spider:1)
  A yak (shapeshifter) (D:13)
  A golden eye (shapeshifter) (Lair:5)
  8 basilisks
  A steam dragon (D:10)
  52 yaks
  12 vampire mosquitoes
  A chaos spawn (Lair:5)
  3 wargs
  Edmund (D:5)
  2 acid dragons
  9 water moccasins
  14 orc warriors
  2 ice beasts
  3 black bears
  A swamp drake (D:9)
  2 sky beasts
  12 ogres
  A phantom (D:4)
  11 centaurs
  5 kobold brigands
  Blork the orc (D:6)
  7 bullfrogs
  2 gnoll sergeants (D:8)
  A necrophage (D:6)
  11 scorpions
  10 small abominations (Lair:5)
  A cane toad simulacrum (Orc:2)
  5 wights (D:10)
  24 killer bees
  11 howler monkeys
  2 electric eels (D:11)
  5 hounds
  Crazy Yiuf (D:2)
  8 orc priests
  A gnoll bouda (D:8)
  3 jellies
  Ijyb (D:2)
  5 iguanas
  Natasha (twice) (D:2)
  50 orc wizards
  2 troll simulacra (Orc:2)
  2 spriggan simulacra (Orc:2)
  A wolf simulacrum (Orc:2)
  12 gnolls (D:8)
  2 adders
  2 naga simulacra (Orc:2)
  A shadow imp (D:6)
  5 white imps
  An ufetubus (D:6)
  2 worms
  6 dart slugs
  79 orcs
  2 endoplasms
  A giant cockroach (D:1)
  6 goblins
  7 hobgoblins
  6 jackals
  A quokka (D:3)
  4 ball pythons
  4 bats
  5 frilled lizards
  18 kobolds
  4 rats
698 creatures vanquished.

Vanquished Creatures (collateral kills)
  An ironbound preserver (D:14)
  A hydra (D:14)
  A boulder beetle (Spider:1)
  A titan zombie (D:15)
  A skeletal warrior (D:15)
  A deep elf pyromancer (D:14)
  10 ugly things (D:15)
  A moth of wrath (Spider:1)
  A stone giant skeleton (D:15)
  A kobold demonologist (D:14)
  A guardian mummy (D:15)
  A meliai (shapeshifter) (D:14)
  A slime creature (D:13)
  A jumping spider (Spider:1)
  A vampire mosquito (D:13)
  A redback (Spider:1)
  2 ogres (D:14)
  2 centaurs (D:15)
29 creatures vanquished.

Vanquished Creatures (others)
  A warg (D:9)
  An orc (Orc:2)
  45 fungi
  65 plants
  6 withered plants (D:15)
118 creatures vanquished.

Grand Total: 845 creatures vanquished

Notes
Turn   | Place    | Note
-------+----------+-------------------------------------------
     0 | D:1      | 112233 the Demonspawn Air Elementalist began the quest for
                  | the Orb.
     0 | D:1      | Reached XP level 1. HP: 13/13 MP: 3/3
   762 | D:1      | Gained mutation: You have a pair of small horns on your
                  | head. [demonic ancestry]
   762 | D:1      | Reached XP level 2. HP: 16/19 MP: 1/5
   959 | D:1      | Learned a level 2 spell: Static Discharge
   995 | D:1      | Found a faded altar of an unknown god.
  1334 | D:2      | Noticed Natasha
  1336 | D:2      | Noticed a crimson imp
  1340 | D:2      | Killed Natasha
  1341 | D:2      | Gained mutation: You are partially covered in rugged brown
                  | scales. (AC +1, +3% HP) [demonic ancestry]
  1341 | D:2      | Reached XP level 3. HP: 13/24 MP: 1/6
  1788 | D:2      | Noticed Ijyb
  2287 | D:2      | Found a runed translucent door.
  2288 | D:2      | Noticed Crazy Yiuf
  2538 | D:3      | Gained mutation: You sometimes gain a little power by
                  | taking damage. [demonic ancestry]
  2538 | D:3      | Reached XP level 4. HP: 30/30 MP: 4/7
  3302 | D:3      | Reached skill level 5 in Air Magic
  4136 | D:4      | Reached XP level 5. HP: 12/36 MP: 5/8
  4665 | D:4      | Learned a level 4 spell: Airstrike
  4830 | D:4      | Found Kuosch's Distillery.
  4934 | D:4      | Found Vufeeqa's Assorted Antiques.
  4979 | D:4      | Bought a bronze ring for 155 gold pieces
  5022 | D:4      | Noticed a phantom
  5037 | D:4      | Killed a phantom
  5038 | D:4      | Reached skill level 1 in Fighting
  5038 | D:4      | Gained mutation: You regenerate a little health from kills.
                  | [demonic ancestry]
  5038 | D:4      | Reached XP level 6. HP: 43/44 MP: 2/9
  5705 | D:4      | Found Beliler's Antique Weapon Boutique.
  5815 | D:4      | Found Ahoowk's Distillery.
  6021 | D:5      | Entered Level 5 of the Dungeon
  6066 | D:5      | Noticed a two-headed ogre
  6087 | D:4      | Gained mutation: You regenerate health from kills. [demonic
                  | ancestry]
  6087 | D:4      | Reached XP level 7. HP: 31/51 MP: 0/11
  6588 | D:5      | Noticed Edmund
  7300 | D:6      | Reached XP level 8. HP: 61/61 MP: 0/14
  7465 | D:6      | Noticed Blork the orc
  7469 | D:6      | Killed Blork the orc
  7911 | D:5      | Killed Edmund
  8398 | D:5      | Noticed a troll
  8759 | D:6      | Reached skill level 5 in Spellcasting
  8889 | D:6      | Reached skill level 5 in Fighting
  9179 | D:5      | Killed a two-headed ogre
  9180 | D:5      | Reached XP level 9. HP: 70/71 MP: 2/17
  9484 | D:5      | Killed a troll
  9764 | D:2      | Killed Ijyb
 10236 | D:2      | Killed Crazy Yiuf
 10416 | D:2      | Noticed Natasha
 10418 | D:2      | Killed Natasha
 11350 | D:7      | Found a staircase to the Ecumenical Temple.
 11377 | Temple   | Entered the Ecumenical Temple
 11429 | Temple   | Became a worshipper of Gozag Ym Sagoz the Greedy
 11813 | D:8      | Noticed Quickbrownfox's ghost (novice DsIE)
 11814 | D:8      | Found a transporter.
 11814 | D:8      | Noticed a two-headed ogre
 11814 | D:8      | Noticed an orc knight
 12042 | D:8      | Noticed Amaemon
 12042 | D:8      | Noticed an orange demon
 12042 | D:8      | Found a shimmering altar of Xom.
 12121 | D:8      | Noticed Joseph
 13178 | D:8      | Reached skill level 2 in Dodging
 13981 | D:8      | Killed Amaemon
 13982 | D:8      | Reached skill level 3 in Dodging
 13982 | D:8      | Reached XP level 10. HP: 81/81 MP: 3/20
 14185 | D:8      | Killed an orange demon
 14777 | D:8      | Found a transporter.
 14781 | D:8      | Killed Joseph
 14782 | D:8      | Reached skill level 4 in Dodging
 15009 | D:8      | Noticed Prince Ribbit
 15013 | D:8      | Killed Prince Ribbit
 16572 | D:9      | Identified the +0 chain mail "Umeahuth" {rElec rF+}
 16607 | D:9      | Reached skill level 5 in Dodging
 16883 | D:9      | Found Ullab's Jewellery Boutique.
 17749 | D:9      | Reached skill level 6 in Dodging
 17852 | D:9      | Found a staircase to the Orcish Mines.
 17964 | D:9      | Gained mutation: You have a pair of horns on your head.
                  | [demonic ancestry]
 17964 | D:9      | Reached XP level 11. HP: 47/89 MP: 15/23
 18194 | D:10     | Entered Level 10 of the Dungeon
 18298 | D:10     | Reached skill level 10 in Air Magic
 18839 | D:10     | Found a staircase to the Lair.
 19349 | Orc:1    | Entered Level 1 of the Orcish Mines
 19399 | Orc:1    | Noticed a deep elf pyromancer
 19399 | Orc:1    | Noticed a deep elf pyromancer
 19402 | Orc:1    | Noticed a deep elf pyromancer
 19402 | Orc:1    | Noticed a deep elf pyromancer
 19402 | Orc:1    | Noticed a deep elf zephyrmancer
 19403 | Orc:1    | Noticed a deep elf pyromancer
 19414 | Orc:1    | Killed a deep elf pyromancer
 19415 | Orc:1    | Reached skill level 7 in Dodging
 19519 | Orc:1    | Noticed a deep elf pyromancer
 19684 | D:9      | Killed a deep elf zephyrmancer
 19689 | D:9      | Killed a deep elf pyromancer
 19816 | Orc:1    | Killed a deep elf pyromancer
 19822 | D:9      | Killed a deep elf pyromancer
 20053 | Orc:1    | Killed a deep elf pyromancer
 20095 | Orc:1    | Noticed Maurice
 20100 | Orc:1    | Killed Maurice
 20531 | Orc:1    | Noticed a deep elf pyromancer
 20669 | D:9      | Killed a deep elf pyromancer
 20670 | D:9      | Reached skill level 8 in Dodging
 20746 | Orc:1    | Killed a deep elf pyromancer
 20827 | Orc:1    | Noticed a deep elf pyromancer
 20831 | Orc:1    | Killed a deep elf pyromancer
 20935 | Orc:1    | Noticed an orc sorcerer
 20937 | Orc:1    | Killed an orc sorcerer
 21104 | Orc:2    | Entered Level 2 of the Orcish Mines
 21106 | Orc:2    | Noticed an orc sorcerer
 21300 | Orc:2    | Killed an orc sorcerer
 21326 | Orc:2    | Noticed Urug
 21489 | Orc:2    | Gained mutation: You have a pair of large horns on your
                  | head. [demonic ancestry]
 21489 | Orc:2    | Reached XP level 12. HP: 98/98 MP: 16/25
 22028 | D:9      | Killed Urug
 22259 | Orc:2    | Found a staircase to the Elven Halls.
 22672 | D:10     | Noticed a two-headed ogre
 22680 | D:10     | Killed a two-headed ogre
 23495 | D:11     | Reached skill level 9 in Dodging
 24746 | D:10     | Reached skill level 10 in Fighting
 25119 | D:10     | Identified the +4 chain mail of the Bard {rElec rPois rC+
                  | rN+}
 25990 | D:11     | Noticed Nergalle
 25995 | D:11     | Killed Nergalle
 26648 | D:11     | Found Puecurer's Assorted Antiques.
 26658 | D:11     | Bought a viscous golden potion for 26 gold pieces
 26658 | D:11     | Bought a knobbly agate ring for 145 gold pieces
 26658 | D:11     | Bought a scroll labelled SECOCI ZUIDAOKH for 29 gold pieces
 26658 | D:11     | Bought a scroll labelled VUCSIG BIONUI for 29 gold pieces
 26658 | D:11     | Bought a scroll of blinking for 217 gold pieces
 27354 | D:11     | Reached skill level 10 in Dodging
 28533 | D:12     | Reached skill level 10 in Spellcasting
 28912 | D:12     | Noticed a catoblepas
 28930 | D:12     | Killed a catoblepas
 29117 | D:12     | Reached XP level 13. HP: 107/107 MP: 10/27
 30474 | Lair:1   | Entered Level 1 of the Lair of Beasts
 31330 | Lair:1   | You fall into a shaft and drop 1 floor!
 31382 | Lair:2   | Reached skill level 11 in Dodging
 31567 | Lair:2   | Found a hole to the Spider Nest.
 33296 | Lair:2   | Found a staircase to the Shoals.
 33670 | Lair:2   | Learned a level 3 spell: Swiftness
 33676 | Lair:2   | Learned a level 5 spell: Freezing Cloud
 35178 | Lair:3   | Reached skill level 12 in Dodging
 36079 | Lair:4   | Found a staircase to the Slime Pits.
 36623 | Lair:4   | Found a runed translucent door.
 36624 | Lair:4   | Noticed Fiha's ghost (journeyman VSTm)
 36706 | Lair:4   | Gained mutation: You regenerate a lot of health from kills.
                  | [demonic ancestry]
 36706 | Lair:4   | Reached XP level 14. HP: 71/117 MP: 4/29
 37246 | Lair:5   | Entered Level 5 of the Lair of Beasts
 40408 | Lair:3   | Learned a level 2 spell: Passwall
 40939 | Orc:1    | Reached skill level 13 in Dodging
 41298 | D:4      | Bought a potion of heal wounds for 60 gold pieces
 41298 | D:4      | Bought a potion of haste for 120 gold pieces
 41298 | D:4      | Bought a potion of cancellation for 96 gold pieces
 41298 | D:4      | Bought a potion of mutation for 96 gold pieces
 41298 | D:4      | Bought a potion of magic for 96 gold pieces
 41298 | D:4      | Bought a potion of invisibility for 96 gold pieces
 41323 | D:4      | Bought a potion of might for 124 gold pieces
 41323 | D:4      | Bought a bubbling golden potion for 27 gold pieces
 41323 | D:4      | Bought a scroll of blinking for 232 gold pieces
 41356 | D:4      | Bought a potion of curing for 42 gold pieces
 41356 | D:4      | Bought a potion of curing for 42 gold pieces
 41356 | D:4      | Bought a potion of heal wounds for 70 gold pieces
 41356 | D:4      | Bought a potion of heal wounds for 70 gold pieces
 41356 | D:4      | Bought a potion of mutation for 112 gold pieces
 41356 | D:4      | Bought a potion of might for 56 gold pieces
 41356 | D:4      | Bought 2 potions of resistance for 280 gold pieces
 41539 | D:11     | Bought a scroll of identify for 58 gold pieces
 42078 | D:13     | Found Zuguvvown's General Store.
 42089 | D:13     | Bought a potion of might for 52 gold pieces
 42089 | D:13     | Bought a scroll of teleportation for 39 gold pieces
 42089 | D:13     | Bought a potion of haste for 130 gold pieces
 42523 | D:13     | Noticed a fire giant
 43765 | Lair:5   | Identified the +5 morningstar of Fixzuruu {venom, Int+3}
 44906 | Lair:4   | Learned a level 3 spell: Mephitic Cloud
 45554 | Lair:5   | Found a corrupted altar of Lugonu.
 45554 | Lair:5   | Found a one-way gate to the infinite horrors of the Abyss.
 47599 | Orc:2    | Found Hinwag's Assorted Antiques.
 47607 | Orc:2    | Bought a scroll labelled AREP ILEPEOFAGG for 20 gold pieces
 47978 | Orc:2    | Found Ehoehoum's Book Shoppe.
 47978 | Orc:2    | Found Kiuzxug's Assorted Antiques.
 47983 | Orc:2    | Bought a book of Storms for 512 gold pieces
 47992 | Orc:2    | Bought a steaming ivory ring for 165 gold pieces
 47992 | Orc:2    | Identified the ring "Tir Muc" {Drain *Slow rF+ Will++
                  | Dex+9} (You bought it in a shop on level 2 of the Orcish
                  | Mines)
 47992 | Orc:2    | Bought a distressingly furry robe for 188 gold pieces
 47992 | Orc:2    | Identified the +1 robe "Juzek" {rPois rC- rN++ SInv} (You
                  | bought it in a shop on level 2 of the Orcish Mines)
 47992 | Orc:2    | Bought a scroll of teleportation for 99 gold pieces
 48160 | Orc:2    | Found Meamnan's Antique Armour Shoppe.
 48160 | Orc:2    | Found Varusch's Antique Weapon Shop.
 48252 | Orc:2    | Bought an ominously black robe for 171 gold pieces
 48252 | Orc:2    | Identified the +1 robe of the Last Healing Ears {rC+ Will++
                  | Int+4} (You bought it in a shop on level 2 of the Orcish
                  | Mines)
 48328 | Orc:2    | Bought a scroll of torment for 190 gold pieces
 48767 | D:13     | Learned a level 4 spell: Summon Lightning Spire
 48773 | D:13     | Learned a level 5 spell: Lightning Bolt
 49227 | D:13     | Found a broken altar of Ashenzari.
 50331 | D:13     | Gained mutation: You sometimes gain power by taking damage.
                  | [demonic ancestry]
 50331 | D:13     | Reached XP level 15. HP: 91/125 MP: 17/30
 50763 | D:13     | Noticed Josephine
 50772 | D:13     | Killed Josephine
 50780 | D:13     | Killed a fire giant
 50781 | D:13     | Reached skill level 14 in Dodging
 53273 | D:14     | Found an iron altar of Okawaru.
 53568 | D:14     | Noticed Lodul
 53576 | D:14     | Killed Lodul
 54712 | D:14     | Found a gate to the Vaults.
 54846 | D:15     | Entered Level 15 of the Dungeon
 55732 | D:14     | Acquired the ring "Luideoqe" {rN++ MP+9 SInv}
 55741 | D:14     | Bought a potion of curing for 48 gold pieces
 55741 | D:14     | Bought a potion of magic for 128 gold pieces
 55741 | D:14     | Bought a potion of mutation for 128 gold pieces
 55743 | D:14     | Bought Laegudux's Commentary on the Storm for 672 gold
                  | pieces
 55743 | D:14     | Bought a book of Spatial Translocations for 416 gold pieces
 55747 | D:14     | Learned a level 2 spell: Blink
 55749 | D:14     | Bought a pair of polished gloves for 313 gold pieces
 55749 | D:14     | Identified the +2 pair of gloves "Fojiut" {rF+ Str+5 Int-2
                  | Stlth+} (You bought it in a shop on level 14 of the
                  | Dungeon)
 55749 | D:14     | Bought a scroll of teleportation for 99 gold pieces
 55749 | D:14     | Bought a scroll of blinking for 247 gold pieces
 55782 | D:15     | Found a staircase to the Depths.
 57561 | D:15     | Found a sacrificial altar of Ru.
 57775 | D:15     | Reached skill level 15 in Dodging
 58389 | Spider:1 | Entered Level 1 of the Spider Nest
 58570 | Spider:1 | HP: 3/127 [pharaoh ant (27)]
 58574 | Spider:1 | Reached XP level 16. HP: 63/134 MP: 5/32
 58985 | Shoals:1 | Entered Level 1 of the Shoals
 59017 | Shoals:1 | HP: 3/135 [poisoned by a merfolk impaler]
 59017 | Shoals:1 | Mangled by a merfolk impaler

Illustrated notes

Levels and vault maps discovered:
D:1:      dpeg_arrival_renting, layout_basic, ebering_ecumenical_altar_mist
D:2:      kennysheep_the_goblin_king, layout_loops_ring, minmay_domino_2,
          uniq_crazy_yiuf_cottage, uniq_natasha
D:3:      layout_basic
D:4:      layout_basic, serial_shops, nicolae_shop_stone,
          nicolae_shop_advertising_works [nicolae_subvault_shop_adworks],
          nicolae_lakefront_shop, nicolae_shop_statue_plus
D:5:      layout_loops_ring, uniq_edmund
D:6:      layout_gridville, kennysheep_generic_room_3, uniq_blork_the_orc
D:7:      layout_loops_ring, temple_fountains
D:8:      layout_cave_pools, xom_teletrap_fun, gammafunk_ghost_arena,
          chequers_serial_rivers_room_b, grunt_ministairs_15,
          supply_closet_lemuel, uniq_joseph, uniq_amaemon, uniq_prince_ribbit1
D:9:      layout_roguey, erik_orc_1, serial_shops, nicolae_shop_trees
D:10:     layout_cave_pods, minmay_lair_entry_grove, kennysheep_kite_vault
D:11:     layout_stronghold, serial_shops, nicolae_shop_overgrown_old_shop,
          serial_bayou_lagoon_a, uniq_nergalle
D:12:     minmay_thinvault, layout_basic
D:13:     hourglass_vault, layout_loops_corners, serial_shops, shop,
          nicolae_ashenzari_skybound, uniq_josephine
D:14:     layout_loops_cross, skrybe_vaults_entry_preservation, okawaru_trees_1,
          bh_walls_and_bars, uniq_lodul
D:15:     gammafunk_depths_entry_grave, layout_loops_ring,
          nicolae_ru_awakened_eye, hex_tiny
Temple:   grunt_wide_crystal_templ
Lair:1:   layout_cave_shapes, chequers_serial_rivers_room_a, grunt_megastairs_5
Lair:2:   layout_chaotic_city, minmay_shoals_entry_beasts,
          nicolae_spider_entry_non_spiders, st_stairs_13, grunt_megastairs_1,
          lemuel_fruit_fields, lemuel_fruit_tree
Lair:3:   gammafunk_indiana_jones, layout_loops_ring
Lair:4:   dragon1_lemuel, layout_gridlike, slime_entry_1,
          ebering_ghost_inner_flame, beast_lair_carwin_11
Lair:5:   hellmonk_lair_end_abyssal_woods, layout_regular_city
Shoals:1: cheibrodos_shoals_satyrical_garden, layout_shoals, serial_shops,
          shop_statue, serial_nicolae_subway, nicolae_sub_station_metal,
          nicolae_sub_station_crystal, nicolae_sub_station_stone, uniq_louise
Spider:1: layout_spider_delve, hangedman_spider_mandibles, drop_trap
Orc:1:    layout_diamond_mine, elves_outpost_lemuel, uniq_maurice
Orc:2:    st_orc_town, layout_caves, serial_shops, nicolae_shop_stone,
          portal_ice_cave_entry_ice_simulacra, uniq_urug

Skill      XL: |  1  2  3  4  5  6  7  8  9 10 11 12 13 14 15 16 |
---------------+-------------------------------------------------+-----
Air Magic      | 3 4 5 6 7 8 9 10 11 12 13 | 13.9
Fighting       | 1 2 3 5 7 8 9 10 11 12 13 | 13.6
Spellcasting   | 3 4 5 7 8 9 10 11 12 | 12.8
Dodging        | 3 6 8 10 12 13 15 | 15.2
Conjurations   | 3 4 |  4.0
Stealth        | |  1.8
Transmutations | |  0.5

Action                   |  1- 3 |  4- 6 |  7- 9 | 10-12 | 13-15 | 16-18 || total
-------------------------+-------+-------+-------+-------+-------+-------++-------
Melee: Whip              |    20 |       |       |       |       |       ||    20
       Unarmed           |     9 |       |       |       |       |       ||     9
       Short sword       |    28 |    42 |     3 |       |       |       ||    73
       Headbutt          |     5 |     6 |       |    15 |    63 |     2 ||    91
       Quarterstaff      |       |       |       |   105 |   112 |       ||   217
       Morningstar       |       |       |       |       |    89 |     8 ||    97
       Punch             |       |       |       |       |     2 |       ||     2
 Cast: Shock             |    33 |    59 |    39 |       |     2 |       ||   133
       Static Discharge  |    11 |    25 |    18 |    52 |    57 |     3 ||   166
       Airstrike         |       |       |   103 |   325 |   566 |       ||   994
       Passwall          |       |       |       |       |     6 |       ||     6
       Lightning Bolt    |       |       |       |       |   120 |     2 ||   122
       Summon Lightning  |       |       |       |       |    55 |     2 ||    57
       Freezing Cloud    |       |       |       |       |     1 |       ||     1
Invok: Call Merchant     |       |       |       |       |     3 |       ||     3
       Potion Petition   |       |       |       |       |     2 |     1 ||     3
Evoke: Wand              |       |       |     7 |     2 |     1 |       ||    10
       Condenser vane    |       |       |       |     1 |     2 |       ||     3
       Tin of tremorston |       |       |       |       |     2 |       ||     2
  Use: Potion            |       |     3 |     1 |     1 |     3 |       ||     8
       Scroll            |       |       |     5 |     4 |    25 |       ||    34
 Stab: Sleeping          |     1 |     2 |       |       |       |       ||     3
       Distracted        |       |     1 |       |       |     4 |       ||     5
Armor: Robe              |    18 |    20 |     7 |    45 |   104 |     5 ||   199
Dodge: Dodged            |    37 |    45 |    30 |   277 |   569 |    52 ||  1010
